 Dungeon Crawl Stone Soup version 0.26-a0-720-g2a1d101370 (webtiles) character file.

Game seed: 14559131000812796885

2396 GordonOverkill the Cleaver (level 9, -8/77 HPs)
             Began as a Palentonga Chaos Knight on Nov 2, 2020.
             Was a Follower of Makhleb.
             Mangled by a two-headed ogre
             ... wielding a +0 giant spiked club
              (21 damage)
             ... on level 7 of the Dungeon.
             The game lasted 00:18:39 (10020 turns).

GordonOverkill the Cleaver (PaCK)                  Turns: 10020, Time: 00:18:39

Health: -8/77      AC: 23    Str: 18    XL:     9   Next: 22%
Magic:  11/11      EV:  7    Int: 12    God:    Makhleb [*.....]
Gold:   76         SH:  0    Dex:  9    Spells: 8/8 levels left

rFire    + . .     SeeInvis +   u - +0 spear (venom)
rCold    + + .     Faith    +   (no shield)
rNeg     . . .     Spirit   .   b - +2 leather armour
rPois    .         Reflect  .   (no helmet)
rElec    .         Harm     .   (no cloak)
rCorr    .         Rampage  .   s - +0 pair of gloves
MR       .....     Rnd*Rage +   k - +4 barding {rF+}
Stlth    +.........             l - amulet of faith
HPRegen  0.00/turn              j - ring of protection from cold
MPRegen  0.12/turn              (no ring)

@: mighty
A: large, claws 2, talons 1, rugged brown scales 3, see invisible, berserk 1,
cold resistance 1, deformed body, inhibited regeneration, weak 1, roll, armoured
tail, reflexive curl
a: Rolling Charge, Renounce Religion


You were on level 7 of the Dungeon.
You worshipped Makhleb.
Makhleb was aware of your devotion.
You visited 2 branches of the dungeon, and saw 9 of its levels.
You also visited: Sewer.

You collected 426 gold pieces.
You spent 350 gold pieces at shops.

Inventory:

Hand Weapons
 h - a +2 whip of flaming
 u - a +0 spear of venom (weapon)
 y - a +0 war axe
Missiles
 d - a throwing net (quivered)
Armour
 b - a +2 leather armour (worn)
 f - a +0 chain mail
 k - a +4 barding of fire resistance (worn)
 s - a +0 pair of gloves (worn)
Jewellery
 j - a ring of protection from cold (left hand)
 l - an amulet of faith (around neck)
Wands
 g - a wand of digging (21)
Scrolls
 c - a scroll of fear
 e - 2 scrolls of blinking
 i - 4 scrolls of fog
 o - 5 scrolls of teleportation
 r - 2 scrolls of identify
 t - 2 scrolls of amnesia
 v - a scroll of immolation
 x - 5 scrolls of remove curse
Potions
 a - 2 potions of stabbing
 m - a potion of heal wounds
 n - 2 potions of curing
 p - 3 potions of brilliance
 q - a potion of flight
 z - a potion of magic
 A - a potion of cancellation


   Skills:
 + Level 4.3 Fighting
 + Level 11.4 Axes
 - Level 3.0 Armour
 - Level 0.7 Dodging
 + Level 3.2 Invocations


You had 8 spell levels left.
You didn't know any spells.
Your spell library was empty.

Dungeon Overview and Level Annotations

Branches:
Dungeon (8/15)             Temple (1/1) D:5            Lair (0/6) D:8
  Sewer (visited)

Altars:
Ashenzari
Cheibriados
Dithmenos
Elyvilon
Fedhas
Gozag
Hepliaklqana
Kikubaaqudgha
Makhleb
Nemelex Xobeh
Okawaru
Qazlal
Ru
Sif Muna
Trog
Uskayaw
Vehumet
Wu Jian
Xom
Zin

Shops:
D:7 !


Innate Abilities, Weirdness & Mutations

You are completely covered in rugged brown scales. (AC +3, +7% HP)
You have supernaturally acute eyesight. (SInv)
Armour fits poorly on your strangely shaped body.
You can roll at foes to attack.
You have a long armoured tail.
You curl defensively after being hit.
You have very sharp fingernails.
You have sharp toenails.
You tend to lose your temper in combat.
Your flesh is cold resistant. (rC+)
You do not regenerate when monsters are visible.
You are weak. (Str -2)


Message History

You feel very mighty all of a sudden.
The two-headed ogre hits you with a +0 giant spiked club.
The two-headed ogre hits you but does no damage.
You barely miss the two-headed ogre. You barely miss the two-headed ogre.
The two-headed ogre completely misses you.
The two-headed ogre hits you with a +0 giant club!
You barely miss the two-headed ogre. You hit the two-headed ogre.
The two-headed ogre is poisoned.
The two-headed ogre is lightly wounded.
The two-headed ogre barely misses you.
The two-headed ogre hits you with a +0 giant club!
* * * LOW HITPOINT WARNING * * *
You puncture the two-headed ogre!
The two-headed ogre looks as sick as possible!
The two-headed ogre is moderately wounded.
You barely miss the two-headed ogre. You tail-slap the two-headed ogre!
The two-headed ogre is heavily wounded.
The two-headed ogre hits you with a +0 giant spiked club!!
You die...

.#.....#....#................#...
##.....###..#................#...
.....########....########....####
.....#......'....#......#....#
.....#......#....+......#....#
.....########....##'#####....####
...)..........#'###.#########....
.....)........+.............#..(.
....((........#.@O..........'.((.
....(.........##'########...#....
#####(...#######.####.###...#...<
....#....#.....'............#....
....'....#.....#............+....
##'##....#+######..##..######....
...#..(.........#..##..###......#
...+............#...#....#......#
...#.......≈≈≈..'...'....#......#


You could see a two-headed ogre (extremely poisoned).

Vanquished Creatures
  Sigmund (D:5)
  A yak (D:8)
  Purgy (Sewer)
  2 ogres (D:8)
  2 phantoms
  2 centaurs
  A big kobold (D:7)
  5 bullfrogs
  A wyvern skeleton (D:6)
  A water moccasin skeleton (D:4)
  2 scorpions (D:6)
  A howler monkey (D:7)
  A bullfrog zombie (D:6)
  An orc priest (D:3)
  4 hounds
  2 bullfrog skeletons
  An iguana (D:8)
  5 orc wizards
  5 worker ants
  A hound zombie (D:7)
  2 hound skeletons (D:7)
  6 gnolls
  5 adders
  A river rat (D:3)
  A shadow imp (D:6)
  3 white imps
  An ufetubus (D:8)
  An ooze (D:2)
  An adder zombie (D:6)
  3 worms
  2 dart slugs
  6 leopard geckos
  21 orcs
  5 giant cockroaches
  5 goblins
  9 hobgoblins
  15 jackals
  14 kobolds
  7 quokkas
  5 ball pythons
  6 bats
  8 frilled lizards
  2 leopard gecko zombies (D:5)
  A quokka skeleton (D:8)
  A quokka zombie (D:5)
  8 rats
179 creatures vanquished.

Vanquished Creatures (collateral kills)
  2 orcs
2 creatures vanquished.

Vanquished Creatures (others)
  An orc (D:3)
1 creature vanquished.

Grand Total: 182 creatures vanquished

Notes
Turn   | Place    | Note
-------+----------+-------------------------------------------
     0 | D:1      | GordonOverkill the Palentonga Chaos Knight began the quest
                  | for the Orb.
     0 | D:1      | Reached XP level 1. HP: 20/20 MP: 1/1
   214 | D:1      | XOM: divination: magic mapping
   226 | D:1      | Reached XP level 2. HP: 27/27 MP: 2/2
   541 | D:1      | Reached skill level 4 in Axes
   606 | D:1      | XOM: give mutations
   606 | D:1      | Gained mutation: You have sharp fingernails. [Xom's grace]
   606 | D:1      | Gained mutation: You have large cloven feet. [Xom's grace]
   866 | D:2      | Reached XP level 3. HP: 33/33 MP: 3/3
   901 | D:2      | Lost mutation: You have large cloven feet. [potion of
                  | mutation]
   901 | D:2      | Lost mutation: You have sharp fingernails. [potion of
                  | mutation]
   901 | D:2      | Gained mutation: You do not regenerate when monsters are
                  | visible. [potion of mutation]
   901 | D:2      | Gained mutation: Your flesh is cold resistant. (rC+)
                  | [potion of mutation]
   901 | D:2      | Gained mutation: You have sharp fingernails. [potion of
                  | mutation]
   919 | D:2      | HP: 1/33 [hobgoblin/+0 club (1)]
   966 | D:1      | XOM: fake destruction
  1209 | D:1      | XOM: god gift: throwing net
  1574 | D:2      | Found a bloodstained altar of Trog.
  1634 | D:2      | XOM: god gift: encrusted ivory wand {god gift}
  1736 | D:2      | XOM: 2-stop teleportation journey
  1739 | D:2      | Reached XP level 4. HP: 40/40 MP: 4/4
  1760 | D:2      | XOM: god gift: 26 stones
  1797 | D:2      | Reached skill level 5 in Axes
  1896 | D:2      | XOM: 2-stop teleportation journey
  2048 | D:2      | XOM: give mutations
  2048 | D:2      | Gained mutation: You expend magic power (3 MP) to
                  | strengthen your wands. [Xom's grace]
  2048 | D:2      | Gained mutation: You evolve. [Xom's grace]
  2157 | D:3      | XOM: destruction
  2174 | D:3      | XOM: fake destruction
  2222 | D:3      | XOM: god gift: 32 gold pieces
  2225 | D:3      | XOM: god gift: runed barding {god gift}
  2302 | D:3      | Found a glowing drain.
  2317 | Sewer    | Entered a sewer
  2448 | Sewer    | Noticed Purgy
  2465 | Sewer    | XOM: summons friendly shadow imp
  2468 | Sewer    | Killed Purgy
  2468 | Sewer    | Reached skill level 6 in Axes
  2468 | Sewer    | Reached XP level 5. HP: 21/48 MP: 5/5
  2669 | Sewer    | XOM: give mutations
  2669 | Sewer    | Gained mutation: Your tail ends in a poisonous barb. [Xom's
                  | grace]
  2669 | Sewer    | Gained mutation: You have sharp toenails. [Xom's grace]
  2669 | Sewer    | Gained mutation: You have razor-sharp toenails. [Xom's
                  | grace]
  2681 | Sewer    | Lost mutation: You expend magic power (3 MP) to strengthen
                  | your wands. [potion of mutation]
  2681 | Sewer    | Lost mutation: You have razor-sharp toenails. [potion of
                  | mutation]
  2681 | Sewer    | Lost mutation: Your tail ends in a poisonous barb. [potion
                  | of mutation]
  2681 | Sewer    | Gained mutation: Your magical capacity is low. (-10% MP)
                  | [potion of mutation]
  2681 | Sewer    | Gained mutation: You have very sharp fingernails. [potion
                  | of mutation]
  2990 | D:3      | XOM: summons friendly quasit
  3115 | D:3      | XOM: 3-stop teleportation journey
  3208 | D:3      | XOM: silly message
  3209 | D:3      | XOM: potion effect (berserk rage)
  3214 | D:3      | Reached XP level 6. HP: 46/54 MP: 5/5
  3429 | D:3      | Found a white marble altar of Elyvilon.
  3429 | D:3      | You fall into a shaft and drop 3 floors!
  3471 | D:5      | Entered Level 5 of the Dungeon
  3502 | D:5      | Reached skill level 7 in Axes
  3525 | D:5      | Noticed Sigmund
  3539 | D:5      | XOM: noise
  3550 | D:5      | Killed Sigmund
  3559 | D:5      | XOM: summons 2 hostile shadow creatures
  3586 | D:5      | XOM: enchant monster (good)
  3730 | D:5      | XOM: silly message
  3815 | D:5      | Reached skill level 8 in Axes
  3815 | D:5      | Gained mutation: You curl defensively after being hit.
                  | [Palentonga growth]
  3815 | D:5      | Reached XP level 7. HP: 51/60 MP: 6/6
  3867 | D:5      | Found a staircase to the Ecumenical Temple.
  4023 | D:5      | XOM: 2-stop teleportation journey
  4038 | D:4      | Noticed a glowing shapeshifter
  4038 | D:4      | an iguana changed into a glowing shapeshifter
  4038 | D:4      | XOM: polymorph iguana -> glowing shapeshifter
  4038 | D:4      | Noticed a shock serpent
  4038 | D:4      | a glowing shapeshifter changed into a shock serpent
  4040 | D:4      | Noticed a shining eye
  4040 | D:4      | a shock serpent changed into a shining eye
  4041 | D:4      | Noticed a mana viper
  4041 | D:4      | a shining eye changed into a mana viper
  4046 | D:4      | XOM: divination: detect items
  4050 | D:4      | Noticed a shock serpent
  4050 | D:4      | a mana viper changed into a shock serpent
  4052 | D:4      | XOM: enchant monster (good)
  4580 | D:4      | XOM: 6-stop teleportation journey
  4592 | D:4      | XOM: 1-stop teleportation journey
  4841 | D:4      | Noticed a merfolk
  4841 | D:4      | Noticed a deep troll
  4841 | D:4      | a merfolk changed into a deep troll
  4845 | D:4      | XOM: swap monsters
  4939 | D:4      | Noticed a wind drake
  4942 | D:4      | a wind drake changed into a floating eye
  4946 | D:4      | Paralysed by a floating eye for 4 turns
  4949 | D:4      | Noticed a water nymph
  4949 | D:4      | a floating eye changed into a water nymph
  4952 | D:4      | Noticed a death drake
  4952 | D:4      | a water nymph changed into a death drake
  4957 | D:4      | Noticed a swamp dragon
  4957 | D:4      | a death drake changed into a swamp dragon
  4957 | D:4      | Noticed a lindwurm
  4957 | D:4      | a swamp dragon changed into a lindwurm
  4958 | D:4      | Noticed a shock serpent
  4958 | D:4      | a lindwurm changed into a shock serpent
  4959 | D:4      | Noticed a cyclops
  4959 | D:4      | a shock serpent changed into a cyclops
  4960 | D:4      | Noticed a jumping spider
  4960 | D:4      | a cyclops changed into a jumping spider
  4961 | D:4      | a jumping spider changed into a floating eye
  4963 | D:4      | Noticed an alligator
  4963 | D:4      | a floating eye changed into an alligator
  4965 | D:4      | Noticed a wolf spider
  4965 | D:4      | an alligator changed into a wolf spider
  5144 | D:4      | XOM: cast spell 'Summon Small Mammal'
  5146 | D:4      | XOM: cleaving
  5149 | D:4      | Noticed a dire elephant
  5150 | D:4      | Noticed a storm dragon
  5150 | D:4      | a dire elephant changed into a storm dragon
  5151 | D:4      | Reached skill level 9 in Axes
  5160 | D:4      | Noticed an ettin
  5160 | D:4      | a storm dragon changed into an ettin
  5167 | D:4      | Noticed a boulder beetle
  5167 | D:4      | an ettin changed into a boulder beetle
  5212 | D:3      | XOM: give mutations
  5212 | D:3      | Gained mutation: You are weak. (Str -2) [Xom's mischief]
  5212 | D:3      | Lost mutation: Your magical capacity is low. (-10% MP)
                  | [Xom's mischief]
  5212 | D:3      | Gained mutation: You tend to lose your temper in combat.
                  | [Xom's mischief]
  6075 | D:6      | Reached XP level 8. HP: 45/67 MP: 8/8
  6219 | D:6      | XOM: noise
  6231 | D:6      | Reached skill level 10 in Axes
  6330 | D:6      | XOM: fog
  6332 | D:6      | XOM: summons 8 friendly demons
  6378 | D:6      | Lost mutation: You evolve. [evolution]
  7037 | Temple   | Entered the Ecumenical Temple
  7210 | Temple   | Fell from the grace of Xom
  7210 | Temple   | Became a worshipper of Makhleb the Destroyer
  7387 | D:4      | Noticed a fire dragon
  7388 | D:4      | Noticed a slime creature
  7388 | D:4      | a fire dragon changed into a slime creature
  7389 | D:4      | Noticed a satyr
  7389 | D:4      | a slime creature changed into a satyr
  7497 | D:7      | Reached skill level 11 in Axes
  7713 | D:7      | Reached skill level 1 in Invocations
  7768 | D:7      | XOM: 5-stop teleportation journey
  8072 | D:7      | Found Koijom's Distillery.
  8231 | D:7      | XOM: draining
  8284 | D:7      | Bought 2 potions of heal wounds for 140 gold pieces
  8284 | D:7      | Bought a potion of might for 56 gold pieces
  8284 | D:7      | Bought a potion of cancellation for 112 gold pieces
  8284 | D:7      | Bought a potion of curing for 42 gold pieces
  8448 | D:7      | Found a sparkling altar of Nemelex Xobeh.
  8488 | D:7      | XOM: torment (35/67 hp)
  8643 | D:7      | XOM: summons 4 hostile shadow creatures
  9143 | D:8      | Found a staircase to the Lair.
  9143 | D:8      | Noticed a death yak
  9143 | D:8      | Noticed a death yak
  9167 | D:8      | Noticed a death yak
  9589 | D:8      | Reached XP level 9. HP: 75/75 MP: 10/10
  9608 | D:8      | Reached * piety under Makhleb
  9865 | D:8      | Noticed a two-headed ogre
  9866 | D:8      | Noticed a troll
  9867 | D:8      | Noticed a tengu conjurer
 10020 | D:7      | Mangled by a two-headed ogre

Illustrated notes

Levels and vault maps discovered:
D:1:      enne_arrival_octagon_isle, layout_rooms, bh_walls_and_bars
D:2:      layout_rooms, trog_butcher_becter
D:3:      layout_basic, old_standard_altar, cheibrodos_sewer_entry_sluice
D:4:      layout_basic, grunt_ministairs_10, grunt_decor_clamped
D:5:      layout_basic, minmay_temple_entry_hall, minmay_fractal_squares_5,
          uniq_sigmund
D:6:      layout_basic, kennysheep_generic_room_12
D:7:      layout_gridville, lemuel_crystal_altar, serial_shops,
          nicolae_shop_waterfront
D:8:      minmay_the_grid_square_5x5_3x3
          [minmay_the_grid_square_5x5_tetrominoes,
          minmay_the_grid_square_5x5_minibox,
          minmay_the_grid_square_5x5_inverted_slash,
          minmay_the_grid_square_5x5_mess,
          minmay_the_grid_square_5x5_megaprize_crossed,
          minmay_the_grid_square_5x5_two_walls_a,
          minmay_the_grid_square_5x5_longway,
          minmay_the_grid_square_5x5_inner_z, minmay_the_grid_square_5x5_empty],
          layout_loops_corners, overflow_temple_1_default,
          yredelemnul_forgotten_temple_becter, dpeg_lair_monsters,
          enter_bailey_6
Temple:   regret_index_temple_mists

Skill      XL: |  1  2  3  4  5  6  7  8  9 |
---------------+----------------------------+-----
Axes           | 4 6 8 9 11 | 11.4
Invocations    | 2 3 |  3.2
Armour         | 2 3 |  3.0
Fighting       | 4 |  4.3
Dodging        | |  0.7

Action                   |  1- 3 |  4- 6 |  7- 9 || total
-------------------------+-------+-------+-------++-------
Melee: Hand axe          |   109 |       |       ||   109
       Tailslap          |     7 |    14 |    48 ||    69
       Kick              |     2 |       |       ||     2
       Whip              |    15 |   104 |    27 ||   146
       Spear             |       |    66 |   476 ||   542
 Abil: Rolling Charge    |    11 |       |     1 ||    12
  Use: Potion            |     4 |     7 |     5 ||    16
       Scroll            |       |     5 |    14 ||    19
 Stab: Paralysed         |     1 |       |       ||     1
       Sleeping          |       |       |     1 ||     1
Armor: Leather armour    |    86 |   111 |   249 ||   446
Dodge: Dodged            |    70 |    70 |   144 ||   284

Table legend: (Time is in decaauts)
 A = Elapsed time spent in this place.
 B = Non-inter-level travel time spent in this place.
 C = Inter-level travel time spent in this place.
 D = Time resting spent in this place.
 E = Time spent auto-exploring this place.
 F = Levels seen in this place.
 G = Mean time per level.
                   A        B        C        D        E       F      G
               +--------+--------+--------+--------+--------+-----+--------+
         Total |  10098 |   9332 |    766 |   3228 |   3889 |  10 | 1009.8 |
       Dungeon |   9365 |   8610 |    755 |   2960 |   3573 |   8 | 1170.6 |
        Temple |    241 |    230 |     11 |      0 |    206 |   1 |  241.0 |
         Sewer |    491 |    491 |      0 |    268 |    109 |   1 |  491.0 |
               +--------+--------+--------+--------+--------+-----+--------+

Top non-repeatable levels by time:
     D:7: 1789 daAuts
     D:3: 1601 daAuts
     D:6: 1366 daAuts
     D:1: 1312 daAuts
     D:5: 1240 daAuts
     D:2: 878 daAuts
     D:4: 594 daAuts
     D:8: 582 daAuts
   Sewer: 491 daAuts
  Temple: 241 daAuts
